 Dungeon Crawl Stone Soup version 0.22-a0-514-g96ba041d05 (webtiles) character file.

334358 Foic the Minotaur Barricade (level 20, -14/189 HPs)
             Began as a Minotaur Fighter on June 19, 2018.
             Was the Champion of Qazlal.
             Killed from afar by a starcursed mass (18 damage)
             ... with an accursed screaming
             ... on level 3 of the Abyss.
             The game lasted 04:39:02 (50086 turns).

Foic the Minotaur Barricade (Minotaur Fighter)     Turns: 50086, Time: 04:39:03

Health: -14/189    AC: 24    Str: 27    XL:     20   Next: 94%
Magic:  0/28       EV: 11    Int:  5    God:    Qazlal [******]
Gold:   3271       SH: 35    Dex: 15    Spells: 19/19 levels left

rFire    . . .     SeeInvis +   a - +7 hand axe of Inconvenience {venom, +Rage rElec Dex+4 SInv}
rCold    + . .     Gourm    .   Y - +0 large shield
rNeg     + . .     Faith    .   p - +2 plate armour {rC+}
rPois    +         Spirit   +   (helmet restricted)
rElec    +         Reflect  .   O - +2 cloak "Qibleotz" {rN+ Regen+}
rCorr    .         Harm     .   m - +0 pair of gloves
MR       +....                  z - +2 pair of boots {run}
Stlth    ..........             l - amulet of guardian spirit
HPRegen  0.81/turn              D - ring of magical power
MPRegen  0.21/turn              y - ring of poison resistance

@: about to teleport, protected from electricity, drained, invisible, repel
missiles, quick
A: retaliatory headbutt, horns 2, blink, clumsy 1, deformed body, screaming 1,
evolution 1
}: 2/15 runes: decaying, serpentine
a: Blink, Upheaval, Elemental Force, Disaster Area, Renounce Religion, Evoke
Berserk Rage


You were on level 3 of the Abyss.
You worshipped Qazlal.
Qazlal was exalted by your worship.
You were not hungry.

You visited 8 branches of the dungeon, and saw 37 of its levels.
You visited the Abyss 2 times.

You collected 4162 gold pieces.
You spent 891 gold pieces at shops.

Inventory:

Hand Weapons
 a - the +7 hand axe of Inconvenience (weapon) {venom, +Rage rElec Dex+4 SInv}
   (You found it on level 8 of the Dungeon)

   It poisons the flesh of those it strikes.
   It affects your dexterity (+4).
   It insulates you from electricity.
   It lets you see invisible.
   It lets you go berserk.
 b - a +3 flail of protection
 B - the +4 war axe of Exchange {flame, rElec MR++ Int-2}
   (You found it on level 1 of the Vaults)

   It has been specially enchanted to burn those struck by it, causing extra
   injury to most foes and up to half again as much damage against particularly
   susceptible opponents.
   Big, fiery blades are also staple armaments of hydra-hunters.
   It affects your intelligence (-2).
   It insulates you from electricity.
   It affects your resistance to hostile enchantments.
Missiles
 h - 973 stones (quivered)
 R - 7 javelins
 V - 6 silver javelins
Armour
 m - a +0 pair of gloves (worn)
 p - a +2 plate armour of cold resistance (worn)
 z - a +2 pair of boots of running (worn)
 K - a +2 plate armour of fire resistance
 O - the +2 cloak "Qibleotz" (worn) {rN+ Regen+}
   (You found it on level 1 of the Elven Halls)

   It protects you from negative energy.
   It increases your rate of regeneration.
 Y - a +0 large shield (worn)
Jewellery
 l - an amulet of guardian spirit (around neck)
 s - an uncursed amulet of the gourmand
 y - a ring of poison resistance (right hand)
 D - a ring of magical power (left hand)
 E - the amulet of Ninelie {RegenMP rF++ Str+3 Int-2 Slay+3}
   (You found it on level 8 of the Dungeon)

   [amulet of magic regeneration]

   It increases your magic regeneration.
   It affects your strength (+3).
   It affects your intelligence (-2).
   It affects your accuracy and damage with ranged weapons and melee attacks
   (+3).
   It greatly protects you from fire.
 S - an uncursed ring of flight
 X - an uncursed ring of protection from cold
Wands
 c - a wand of iceblast (24)
 e - a wand of flame (54)
 n - a wand of scattershot (6)
 A - a wand of polymorph (15)
 F - a wand of enslavement (38)
 G - a wand of disintegration (33)
 L - a wand of acid (5)
 P - a wand of random effects (28)
 T - a wand of paralysis (13)
 W - a wand of digging (30)
Scrolls
 i - a scroll of fear
 k - 9 scrolls of teleportation
 o - 7 scrolls of magic mapping
 q - 17 scrolls of remove curse
 r - 4 scrolls of enchant weapon
 t - 6 scrolls of blinking
 v - 3 scrolls of enchant armour
 C - 10 scrolls of identify
 N - a scroll of acquirement
Potions
 d - 5 potions of might
 j - a potion of magic
 u - 3 potions of resistance
 w - 15 potions of curing
 x - 5 potions of berserk rage
 H - a potion of cancellation
 J - 2 potions of haste
 U - 2 potions of invisibility
 Z - 2 potions of agility
Miscellaneous
 M - a lamp of fire
 Q - a lamp of fire
Comestibles
 f - 40 rations
 g - 2 chunks of flesh


   Skills:
 + Level 18.8(18.4) Fighting
 + Level 19.5(19.1) Axes
 * Level 18.4(18.0) Armour
 + Level 6.0(5.7) Dodging
 O Level 27(26.5) Shields


You had 19 spell levels left.
You didn't know any spells.
Your spell library contained the following spells:

 Spells                   Type           Power        Failure   Level  Hunger
 Cause Fear               Hex            #.........   100%        4    #####..
 Magic Dart               Conj           #...         96%         1    ##.....
 Fireball                 Conj/Fire      #.........   100%        5    ######.
 Apportation              Tloc           #.....       96%         1    ##.....
 Conjure Flame            Conj/Fire      #.......     100%        3    ####...
 Slow                     Hex            #.......     99%         2    ###....
 Confuse                  Hex            #.......     100%        3    ####...
 Throw Flame              Conj/Fire      #.....       99%         2    ###....
 Summon Small Mammal      Summ           #...         96%         1    ##.....
 Iskenderun's Mystic Bla  Conj           #.......     100%        4    #####..
 Animate Dead             Necr           N/A          100%        4    #####..
 Pain                     Necr           #...         96%         1    ##.....
 Animate Skeleton         Necr           N/A          96%         1    ##.....
 Vampiric Draining        Necr           #.........   100%        3    ####...
 Sticky Flame             Conj/Fire      #.......     100%        4    #####..
 Summon Ice Beast         Ice/Summ       #.......     100%        4    #####..
 Call Imp                 Summ           #.......     99%         2    ###....
 Regeneration             Chrm/Necr      #.........   100%        3    ####...
 Tukima's Dance           Hex            #.......     100%        3    ####...
 Recall                   Summ/Tloc      N/A          100%        3    ####...
 Spider Form              Tmut/Pois      #.........   100%        3    ####...
 Blade Hands              Tmut           #.........   100%        5    ######.
 Ice Form                 Ice/Tmut       #.......     100%        4    #####..
 Death Channel            Necr           #.........   100%        6    #######
 Deflect Missiles         Chrm/Air       #.........   100%        6    #######
 Confusing Touch          Hex            #.....       96%         1    ##.....
 Flame Tongue             Conj/Fire      #....        96%         1    ##.....
 Sticks to Snakes         Tmut           #.......     99%         2    ###....
 Call Canine Familiar     Summ           #.......     100%        3    ####...
 Ensorcelled Hibernation  Hex/Ice        #.....       99%         2    ###....
 Metabolic Englaciation   Hex/Ice        #.........   100%        5    ######.
 Summon Butterflies       Summ           #.......     96%         1    ##.....
 Silence                  Hex/Air        #.........   100%        5    ######.
 Corona                   Hex            #......      96%         1    ##.....
 Simulacrum               Ice/Necr       #.........   100%        6    #######
 Portal Projectile        Hex/Tloc       #.....       100%        3    ####...
 Petrify                  Tmut/Erth      #.......     100%        4    #####..
 Leda's Liquefaction      Hex/Erth       #.........   100%        4    #####..
 Summon Hydra             Summ           #.........   100%        7    #######
 Shroud of Golubria       Chrm/Tloc      #.........   99%         2    ###....
 Inner Flame              Hex/Fire       #.......     100%        3    ####...
 Beastly Appendage        Tmut           #.....       96%         1    ##.....
 Fulminant Prism          Conj/Hex       #.........   100%        4    #####..
 Dazzling Spray           Conj/Hex       #.....       100%        3    ####...
 Force Lance              Conj/Tloc      #.......     100%        4    #####..
 Infusion                 Chrm           #...         96%         1    ##.....
 Song of Slaying          Chrm           #.......     99%         2    ###....
 Spectral Weapon          Hex/Chrm       #.......     100%        3    ####...
 Searing Ray              Conj           #.....       99%         2    ###....
 Discord                  Hex            #.........   100%        8    #######
 Summon Lightning Spire   Summ/Air       #.......     100%        4    #####..
 Summon Guardian Golem    Hex/Summ       #.......     100%        3    ####...
 Summon Mana Viper        Hex/Summ       #.......     100%        5    ######.
 Gell's Gravitas          Tloc           #.........   100%        3    ####...
 Yara's Violent Unravell  Hex/Tmut       #.........   100%        5    ######.
 Borgnjor's Vile Clutch   Necr/Erth      #.........   100%        5    ######.


Dungeon Overview and Level Annotations

Branches:
Dungeon (14/15)            Temple (1/1) D:6            Lair (6/6) D:9
  Swamp (4/4) Lair:4        Snake (4/4) Lair:2        Slime (0/5) Lair:6
    Orc (2/2) D:12            Elf (2/3) Orc:2        Vaults (4/5) D:13
  Crypt (0/3) Vaults:3

Altars:
Ashenzari
Cheibriados
Dithmenos
Elyvilon
Fedhas
Gozag
Hepliaklqana
Kikubaaqudgha
Makhleb
Nemelex Xobeh
Okawaru
Qazlal
Ru
Sif Muna
Trog
Uskayaw
Vehumet
Wu Jian
Xom
Yredelemnul
Zin
The Shining One
Beogh
Jiyva

Shops:
D:13 ?   Orc:1 !:!   Orc:2 %*[=:[:}   Snake:1 %

Portals:
Trove: Vaults:1 (give +2 gold dragon scales)

Annotations:
Lair:6 4 runed doors, Atemayge's ghost, journeyman DEFE
Swamp:4 1 runed door, Xeepuepa's ghost, journeyman MiAK


Innate Abilities, Weirdness & Mutations

You reflexively headbutt those who attack you in melee.
You have a pair of horns on your head.
You can translocate small distances at will.
You are clumsy. (Dex -2)
Armour fits poorly on your strangely shaped body.
You occasionally shout uncontrollably at your foes.
You evolve.


Message History

You hear a screech!
You block the thrashing horror's attack. x2
A deafening chorus of shrieks assaults your mind!
* * * LOW HITPOINT WARNING * * *
You shrug off the repeated paralysis!
The raiju bursts into living lightning!
The living lightning misses you. x2; The raiju blinks!
You block the thrashing horror's attack.
The thrashing horror barely misses you.
The frost giant simulacrum is engulfed in blazing flames.
You fade into invisibility!
You block the thrashing horror's attack. x3
The thrashing horror tramples you but does no damage.
The raiju is engulfed in blazing flames.
The raiju bursts into living lightning!
The living lightning hits you! x2; You resist.
* * * LOW HITPOINT WARNING * * *
The raiju blinks!
A cacophony of accursed wailing tears at your sanity!
You die...

...### #..
#......≈≈ ..#
###...##≈≈≈
#.§#.....#≈§≈≈≈
§.§.....##.≈≈≈
##§.§..#§≈≈≈≈≈
##.Xh§..#≈#≈≈≈≈
#.§@.R..§§≈≈≈ #≈
##..ZX§§≈#≈≈♣..#
#####§..#§§≈≈≈#
§.x##XXX§#≈≈≈≈#
###.....XX≈≈≈≈≈#
#.#....X§§§≈≈[.
...≈.t≈X...#...
..##≈x.≈....# ..
# .#.≈ ....#


You could see 8 starcursed masses, a rakshasa, a thrashing horror, a raiju and a
frost giant simulacrum.

Vanquished Creatures
  Boris (Vaults:3)
  Vashnia (Snake:3)
  Jory (Vaults:2)
  Jorgrun (Vaults:3)
  The ghost of Savaor the Champion of Chaos, an adept DDHu of Makhleb (Vaults:1)
  The ghost of Savaor the Champion of Chaos, an adept DDHu of Makhleb (Vaults:1)
  The ghost of Savaor the Champion of Chaos, an adept DDHu of Makhleb (Vaults:1)
  Rupert (Lair:3)
  Frances (D:12)
  2 thorn hunters
  A tengu reaver (Vaults:3)
  2 tentacled starspawn (Abyss:3)
  Kirke (D:14)
  10 nagarajas (Snake:4)
  A deep elf sorcerer (Vaults:3)
  6 vault wardens
  A frost giant (Vaults:3)
  An orc warlord (D:12)
  A ghoul (Vaults:2)
  4 ironheart preservers
  2 very ugly things
  2 stone giants
  2 entropy weavers (Abyss:3)
  A deep elf annihilator (Orc:2)
  3 deep elf demonologists
  Nessos (D:14)
  An ettin (D:12)
  A deep elf death mage (Elf:1)
  2 fire dragons
  A ragged hierophant (D:13)
  4 yaktaur captains
  2 jiangshi (Abyss:3)
  A crystal guardian (Vaults:3)
  3 great orbs of eyes (Vaults:2)
  2 deep elf high priests (Elf:1)
  An ice dragon (Vaults:1)
  10 naga warriors
  26 hydras
  2 ghost crabs (Swamp:1)
  11 vault guards
  Erica (D:8)
  A catoblepas (Lair:5)
  2 deep troll shamans
  6 dancing weapons
  2 death knights
  6 centaur warriors
  25 two-headed ogres
  17 anacondas
  12 death yaks
  12 alligators
  Urug (Lair:2)
  6 ogre magi
  A tengu warrior (D:14)
  A vampire mage (Vaults:3)
  5 thrashing horrors (Abyss:3)
  A soul eater (Vaults:3)
  16 naga sharpshooters
  9 shock serpents
  14 deep elf knights
  2 salamander mystics
  A shadow wraith (Vaults:3)
  5 skeletal warriors
  4 deep trolls
  6 swamp dragons
  An unseen horror (D:14)
  5 spriggan druids
  6 shambling mangroves
  12 naga ritualists
  A lindwurm (Swamp:4)
  2 phantasmal warriors
  15 orc knights
  12 ironbrand convokers
  16 deep elf archers
  21 deep elf magi
  17 ugly things
  2 wolf spiders (Vaults:1)
  3 necromancers
  A tengu skeleton (Vaults:2)
  A fire giant zombie (Vaults:3)
  14 harpies
  An oklob plant (D:9)
  3 orc sorcerers
  A frost giant zombie (Vaults:2)
  8 cyclopes
  2 worldbinders (Abyss:3)
  2 manticores
  11 mana vipers
  7 salamanders
  Maurice (D:9)
  17 elephants
  21 naga magi
  52 black mambas
  15 guardian serpents
  14 spiny frogs
  9 vault sentinels
  A gargoyle (D:10)
  7 komodo dragons
  A komodo dragon (shapeshifter) (Vaults:3)
  17 yaktaurs
  2 efreet
  2 rime drakes
  A redback zombie (D:12)
  A human zombie (Vaults:3)
  5 freezing wraiths
  A hellwing (Abyss:3)
  A meliai (shapeshifter) (Vaults:3)
  6 meliai (D:14)
  8 trolls
  8 polar bears
  Prince Ribbit (D:7)
  14 tyrant leeches
  A queen bee (shapeshifter) (Vaults:1)
  An ettin zombie (Vaults:3)
  20 blink frogs
  12 hornets
  6 bog bodies
  Grinder (D:3)
  8 hippogriffs
  7 raiju (Abyss:3)
  2 saltlings (Vaults:1)
  19 slime creatures
  A vampire (D:11)
  5 shadows
  4 wyverns
  6 spriggans
  A water elemental (Elf:1)
  6 wraiths
  An orc simulacrum (Vaults:2)
  A ynoxinul (Abyss:3)
  3 hogs (D:14)
  54 yaks
  6 basilisks
  3 hungry ghosts
  A chaos spawn (Abyss:3)
  A fire elemental (Elf:1)
  2 neqoxecs (Abyss:3)
  52 nagas
  13 vampire mosquitoes
  14 swamp worms
  7 wargs
  A warg (shapeshifter) (Vaults:3)
  8 insubstantial wisps
  Menkaure (D:5)
  An acid dragon (shapeshifter) (Vaults:3)
  2 acid dragons
  12 water moccasins
  A soldier ant (shapeshifter) (Vaults:2)
  Duvessa (D:7)
  8 swamp drakes
  6 porcupines
  53 orc warriors
  2 ice beasts
  An elf zombie (Vaults:3)
  An ice beast (shapeshifter) (Vaults:2)
  A phantom (D:9)
  An eye of draining (D:13)
  2 necrophages
  3 sky beasts
  5 black bears
  A starcursed mass (Abyss:3)
  3 boggarts
  41 ogres
  25 wolves
  25 centaurs
  15 crocodiles
  10 bullfrogs
  2 big kobolds
  4 small abominations (Abyss:3)
  Blork the orc (D:5)
  A gnoll sergeant (D:10)
  2 earth elementals (Elf:1)
  A wyvern skeleton (D:7)
  4 scorpions
  Dowan (D:7)
  9 killer bees
  7 wights
  3 howler monkeys (D:10)
  2 electric eels
  8 crimson imps
  A bullfrog zombie (D:5)
  4 centaur zombies
  8 hounds
  5 iron imps
  2 jellies
  2 bullfrog skeletons
  2 quasits
  9 orc priests
  18 orc wizards
  4 centaur skeletons
  Jessica (D:3)
  8 iguanas
  9 worker ants
  A hound skeleton (D:4)
  11 adders
  4 gnolls (D:10)
  2 shadow imps
  An ooze (D:3)
  An adder zombie (D:9)
  3 worms
  A dart slug (D:2)
  5 leopard geckos
  105 orcs
  6 bats
  7 giant cockroaches
  7 goblins
  10 hobgoblins
  A jackal (D:3)
  3 quokkas
  2 ball pythons (D:6)
  5 frilled lizards
  13 kobolds
  A leopard gecko skeleton (D:6)
  A leopard gecko zombie (D:8)
  7 rats
  A butterfly (Lair:2)
  3 fungi
  A lurking horror (Abyss:3)
  10 plants
  2 starspawn tentacles (Abyss:3)
1462 creatures vanquished.

Vanquished Creatures (others)
  An ironheart preserver (Vaults:3)
  A hydra (Swamp:4)
  An alligator (Swamp:4)
  A deep elf knight (Vaults:3)
  2 swamp dragons (Swamp:4)
  2 lindwurms (Swamp:4)
  A deep elf mage (Elf:1)
  A slime creature (Swamp:1)
  A starcursed mass (Abyss:3)
  An insubstantial wisp (Swamp:1)
  5 swamp drakes
  An orc warrior (Elf:1)
  A white imp (Abyss:3)
  23 fungi
  40 plants
  5 starspawn tentacles (Abyss:3)
  13 toadstools (D:9)
  4 withered plants (Vaults:1)
104 creatures vanquished.

Grand Total: 1566 creatures vanquished

Notes
Turn   | Place    | Note
-------+----------+-------------------------------------------
     0 | D:1      | Foic the Minotaur Fighter began the quest for the Orb.
     0 | D:1      | Reached XP level 1. HP: 19/19 MP: 0/0
   257 | D:1      | Reached skill level 4 in Shields
   257 | D:1      | Reached XP level 2. HP: 27/27 MP: 1/1
   413 | D:2      | Found an ancient bone altar of Kikubaaqudgha.
   664 | D:2      | Reached XP level 3. HP: 33/33 MP: 2/2
  1295 | D:3      | Noticed Jessica
  1297 | D:3      | Killed Jessica
  1297 | D:3      | Reached XP level 4. HP: 40/40 MP: 3/3
  1297 | D:3      | Noticed Grinder
  1424 | D:3      | Paralysed by Grinder for 6 turns
  1436 | D:3      | Killed Grinder
  1436 | D:3      | Reached skill level 5 in Shields
  1436 | D:3      | Reached XP level 5. HP: 30/46 MP: 4/4
  1436 | D:3      | Reached XP level 6. HP: 34/52 MP: 5/5
  1565 | D:3      | Reached skill level 5 in Axes
  2629 | D:5      | Entered Level 5 of the Dungeon
  2634 | D:5      | Noticed Menkaure
  2825 | D:5      | Killed Menkaure
  2825 | D:5      | Reached skill level 5 in Armour
  2825 | D:5      | Reached skill level 6 in Shields
  2825 | D:5      | Reached XP level 7. HP: 34/60 MP: 3/6
  2995 | D:5      | Found a bloodstained altar of Trog.
  3045 | D:5      | Found an iron altar of Okawaru.
  3046 | D:5      | Noticed Blork the orc
  3057 | D:5      | Killed Blork the orc
  3744 | D:6      | Reached skill level 7 in Shields
  3771 | D:6      | Reached skill level 5 in Fighting
  3899 | D:6      | Found a blossoming altar of Fedhas.
  3911 | D:6      | Reached XP level 8. HP: 45/68 MP: 4/7
  4247 | D:6      | Found a staircase to the Ecumenical Temple.
  4271 | Temple   | Entered the Ecumenical Temple
  4576 | Temple   | Became a worshipper of Qazlal Stormbringer
  4658 | D:6      | Found a burning altar of Makhleb.
  4678 | D:6      | Reached skill level 8 in Shields
  4944 | D:7      | Noticed a hand axe
  4944 | D:7      | Noticed a hand axe
  5143 | D:7      | Found a hide-covered altar of Uskayaw.
  5235 | D:7      | Noticed Prince Ribbit
  5462 | D:7      | Noticed Dowan
  5469 | D:7      | Noticed Duvessa
  5491 | D:6      | Reached * piety under Qazlal
  5548 | D:7      | Killed Dowan
  5548 | D:7      | Reached XP level 9. HP: 71/75 MP: 8/8
  5555 | D:7      | Killed Duvessa
  5704 | D:7      | Reached skill level 9 in Shields
  5988 | D:8      | Found an opulent altar of Gozag.
  6012 | D:8      | Found a white marble altar of Elyvilon.
  6079 | D:8      | Noticed Erica
  6079 | D:8      | Noticed a two-headed ogre
  6154 | D:7      | Killed a two-headed ogre
  6154 | D:7      | Reached skill level 10 in Axes
  6154 | D:7      | Reached skill level 10 in Shields
  6333 | D:8      | Killed Erica
  6589 | D:8      | Got a pitted steel amulet
  6597 | D:8      | Identified the amulet of Ninelie {RegenMP rF++ Str+3 Int-2 Slay+3} (You found it on level 8 of the Dungeon)
  6655 | D:8      | Got a transparent hand axe
  6656 | D:8      | Identified the +7 hand axe of Inconvenience {venom, +Rage rElec Dex+4 SInv} (You found it on level 8 of the Dungeon)
  6751 | D:9      | Reached XP level 10. HP: 86/86 MP: 9/9
  6755 | D:9      | Noticed Maurice
  6833 | D:9      | Killed Maurice
  6877 | D:9      | Reached skill level 11 in Shields
  6982 | D:9      | Reached skill level 1 in Dodging
  7007 | D:9      | Found a staircase to the Lair.
  7027 | D:9      | Reached ** piety under Qazlal
  7045 | D:9      | Reached skill level 12 in Shields
  7083 | Lair:1   | Entered Level 1 of the Lair of Beasts
  7228 | Lair:1   | Noticed a spiny frog
  7255 | Lair:1   | Killed a spiny frog
  7510 | Lair:1   | Noticed a five-headed hydra
  7658 | D:9      | Noticed a two-headed ogre
  7681 | D:9      | Killed a two-headed ogre
  7681 | D:9      | Reached XP level 11. HP: 55/93 MP: 10/10
  7903 | Lair:1   | Killed a seven-headed hydra
  7903 | Lair:1   | Reached skill level 13 in Shields
  8313 | Lair:1   | You fall through a shaft!
  8321 | Lair:2   | Noticed Urug
  8665 | D:9      | Noticed a two-headed ogre
  8673 | D:9      | Killed a two-headed ogre
  9099 | D:9      | Found a blossoming altar of Fedhas.
  9110 | D:9      | Noticed an oklob plant
  9140 | D:9      | Killed an oklob plant
  9432 | D:10     | Entered Level 10 of the Dungeon
  9487 | D:10     | Gained mutation: You are dopey. (Int -2) [potion of mutation]
  9487 | D:10     | Gained mutation: You are clumsy. (Dex -2) [potion of mutation]
  9487 | D:10     | Gained mutation: You are robust. (+10% HP) [potion of mutation]
  9487 | D:10     | Gained mutation: You are partially covered in yellow scales. (AC +2) [potion of mutation]
  9487 | D:10     | Noticed a two-headed ogre
  9509 | D:10     | Killed a two-headed ogre
  9646 | D:10     | Reached skill level 14 in Shields
  9728 | D:10     | Reached *** piety under Qazlal
  9813 | D:10     | Noticed a two-headed ogre
  9834 | D:10     | Killed a two-headed ogre
  9938 | D:10     | Noticed a two-headed ogre
  9946 | D:10     | Killed a two-headed ogre
  9946 | D:10     | Reached skill level 10 in Armour
 10016 | D:10     | Reached XP level 12. HP: 112/112 MP: 11/11
 10546 | D:10     | Reached **** piety under Qazlal
 10644 | D:11     | Noticed a centaur warrior
 10831 | D:10     | Reached skill level 15 in Shields
 10845 | D:11     | Noticed a centaur warrior
 10847 | D:11     | Killed a centaur warrior
 11041 | D:10     | Killed a centaur warrior
 11513 | D:11     | Noticed a two-headed ogre
 11521 | D:11     | Killed a two-headed ogre
 11618 | D:11     | Got a steaming scale mail
 11626 | D:11     | Identified the +2 scale mail "Myzah" {MR+} (You found it on level 11 of the Dungeon)
 12018 | D:7      | Killed Prince Ribbit
 12018 | D:7      | Reached skill level 16 in Shields
 12551 | Lair:2   | Killed Urug
 12753 | Lair:2   | Reached XP level 13. HP: 119/123 MP: 12/12
 12932 | Lair:2   | Reached skill level 10 in Fighting
 12983 | Lair:2   | Found a staircase to the Snake Pit.
 13015 | Snake:1  | Entered Level 1 of the Snake Pit
 13027 | Lair:2   | Reached ***** piety under Qazlal
 13186 | Lair:2   | Reached skill level 17 in Shields
 14006 | Snake:1  | Reached skill level 18 in Shields
 14119 | Snake:1  | Found Edynnal's Food Emporium.
 15601 | Lair:3   | Noticed Rupert
 15603 | Lair:3   | Paralysed by Rupert for 6 turns
 15632 | Lair:3   | Killed Rupert
 15632 | Lair:3   | Reached XP level 14. HP: 65/133 MP: 11/13
 15860 | Lair:3   | Reached skill level 19 in Shields
 16942 | Lair:4   | Lost mutation: You are partially covered in yellow scales. (AC +2) [potion of mutation]
 16942 | Lair:4   | Lost mutation: You are clumsy. (Dex -2) [potion of mutation]
 16942 | Lair:4   | Lost mutation: You are robust. (+10% HP) [potion of mutation]
 16942 | Lair:4   | Lost mutation: You are dopey. (Int -2) [potion of mutation]
 16942 | Lair:4   | Gained mutation: You are weak. (Str -2) [potion of mutation]
 16942 | Lair:4   | Gained mutation: Your spells are a little easier to cast, but a little less powerful. [potion of mutation]
 16942 | Lair:4   | Lost mutation: Your spells are a little easier to cast, but a little less powerful. [potion of mutation]
 16943 | Lair:4   | Lost mutation: You are weak. (Str -2) [potion of mutation]
 16943 | Lair:4   | Gained mutation: Scrolls take you a little longer to read. [potion of mutation]
 16943 | Lair:4   | Gained mutation: You have sharp toenails. [potion of mutation]
 16943 | Lair:4   | Gained mutation: Potions are less effective at restoring your health. [potion of mutation]
 16943 | Lair:4   | Gained mutation: Your muscles are strong. (Str +2) [potion of mutation]
 17124 | Lair:4   | Found a staircase to the Swamp.
 18079 | Swamp:1  | Entered Level 1 of the Swamp
 18107 | Lair:4   | Reached skill level 20 in Shields
 18920 | Swamp:1  | Reached ****** piety under Qazlal
 19676 | Swamp:2  | Noticed a red very ugly thing
 19698 | Swamp:1  | Killed a red very ugly thing
 20083 | Swamp:2  | Reached XP level 15. HP: 131/131 MP: 14/14
 20407 | Swamp:1  | Reached skill level 21 in Shields
 21403 | Swamp:3  | Noticed a thorn hunter
 21425 | Swamp:2  | Killed a thorn hunter
 21425 | Swamp:2  | Reached skill level 15 in Axes
 22287 | Swamp:4  | Entered Level 4 of the Swamp
 22818 | Swamp:4  | Noticed a thorn hunter
 23112 | Swamp:3  | Reached skill level 22 in Shields
 23164 | Swamp:3  | Killed a thorn hunter
 24056 | Swamp:4  | Got a decaying rune of Zot
 24098 | Swamp:4  | Found a runed door.
 24101 | Swamp:4  | Noticed Xeepuepa's ghost (journeyman MiAK)
 24915 | Lair:5   | Reached XP level 16. HP: 95/138 MP: 15/15
 25233 | Lair:5   | Reached skill level 23 in Shields
 25888 | Lair:6   | Entered Level 6 of the Lair of Beasts
 25957 | Lair:6   | Found a runed gate.
 25957 | Lair:6   | Found a runed gate.
 25973 | Lair:6   | Found a runed gate.
 25983 | Lair:6   | Noticed Atemayge's ghost (journeyman DEFE)
 26950 | Lair:6   | Found a runed door.
 26950 | Lair:6   | Found a viscous altar of Jiyva.
 26950 | Lair:6   | Found a staircase to the Slime Pits.
 26950 | Lair:6   | Noticed an acid blob
 26950 | Lair:6   | Noticed an acid blob
 26950 | Lair:6   | Noticed an acid blob
 28051 | Snake:1  | Reached skill level 24 in Shields
 30225 | Snake:2  | Reached XP level 17. HP: 149/149 MP: 16/16
 31067 | Snake:4  | Entered Level 4 of the Snake Pit
 31067 | Snake:4  | Noticed Vashnia
 31108 | Snake:3  | Killed Vashnia
 31108 | Snake:3  | Reached skill level 25 in Shields
 33720 | Snake:4  | Reached skill level 26 in Shields
 34441 | Snake:4  | Reached XP level 18. HP: 159/159 MP: 17/17
 34762 | Snake:4  | Got a serpentine rune of Zot
 35584 | D:12     | Found an ornate altar of the Wu Jian Council.
 35671 | D:12     | Found a roughly hewn altar of Beogh.
 35671 | D:12     | Found a staircase to the Orcish Mines.
 36185 | Orc:1    | Entered Level 1 of the Orcish Mines
 36865 | Orc:1    | Found Noyh's Book Emporium.
 36904 | Orc:1    | Found a radiant altar of Vehumet.
 36928 | Orc:1    | Found Cijoril's Distillery.
 36941 | Orc:1    | Bought a potion of curing for 33 gold pieces
 36941 | Orc:1    | Bought a potion of curing for 33 gold pieces
 36941 | Orc:1    | Bought a potion of mutation for 88 gold pieces
 36941 | Orc:1    | Bought a potion of heal wounds for 55 gold pieces
 36991 | Orc:1    | Found Meriteyd's Distillery.
 37006 | Orc:1    | Bought a potion of mutation for 80 gold pieces
 37006 | Orc:1    | Bought a potion of heal wounds for 50 gold pieces
 37006 | Orc:1    | Bought a potion of cancellation for 80 gold pieces
 37148 | Orc:2    | Entered Level 2 of the Orcish Mines
 37148 | Orc:2    | Found a staircase to the Elven Halls.
 37153 | Orc:2    | Found Duatz's Food Boutique.
 37206 | Orc:2    | Found Witzes's Assorted Antiques.
 37260 | Orc:2    | Reached skill level 27 in Shields
 37419 | Orc:2    | Found Anler's Book Emporium.
 37419 | Orc:2    | Found Imehi's Book Shop.
 37432 | Orc:2    | Found Yhadesh's Jewellery Boutique.
 37432 | Orc:2    | Found Keach's Armour Emporium.
 37502 | Orc:2    | Found Wieluip's Gadget Shoppe.
 37554 | Orc:2    | Found Tunoclot's Antique Armour Shop.
 37885 | Elf:1    | Entered Level 1 of the Elven Halls
 38349 | Elf:1    | Got a polished cloak
 38360 | Elf:1    | Identified the +2 cloak "Qibleotz" {rN+ Regen+} (You found it on level 1 of the Elven Halls)
 38385 | Elf:1    | Noticed an Ice Fiend
 38472 | Elf:1    | Paralysed by an orc sorcerer for 4 turns
 38473 | Elf:1    | Noticed a Tzitzimitl
 38475 | Elf:1    | Noticed a Brimstone Fiend
 38869 | Elf:1    | Reached skill level 15 in Armour
 38919 | Elf:1    | Reached skill level 15 in Fighting
 40210 | Elf:2    | Cast into level 3 of the Abyss (a deep elf sorcerer)
 40294 | Abyss:3  | Found a runed door.
 40343 | Abyss:3  | Noticed a bone dragon
 40344 | Abyss:3  | Found a runed gate.
 40345 | Abyss:3  | Found a runed gate.
 40346 | Abyss:3  | Found a runed gate.
 40384 | Abyss:3  | Reached XP level 19. HP: 120/170 MP: 18/18
 40431 | Abyss:3  | HP: 3/170 [starcursed mass/accursed screaming (8)]
 40568 | Abyss:3  | Found a runed door.
 40577 | Elf:2    | Escaped the Abyss
 40845 | Orc:2    | Bought a pair of embroidered boots for 225 gold pieces
 40855 | Orc:2    | Identified a +2 pair of boots of running (You bought it in a shop on level 2 of the Orcish Mines)
 40960 | D:13     | Found an ancient bone altar of Kikubaaqudgha.
 40995 | D:13     | Noticed Frances
 41029 | D:12     | Killed Frances
 41047 | D:12     | Lost mutation: You have sharp toenails. [potion of mutation]
 41047 | D:12     | Lost mutation: Potions are less effective at restoring your health. [potion of mutation]
 41047 | D:12     | Lost mutation: Your muscles are strong. (Str +2) [potion of mutation]
 41047 | D:12     | Gained mutation: You are partially covered in slimy green scales. (AC +2) [potion of mutation]
 41047 | D:12     | Gained mutation: Your flesh is cold resistant. (rC+) [potion of mutation]
 41048 | D:12     | Lost mutation: You are partially covered in slimy green scales. (AC +2) [potion of mutation]
 41048 | D:12     | Lost mutation: Scrolls take you a little longer to read. [potion of mutation]
 41048 | D:12     | Lost mutation: Your flesh is cold resistant. (rC+) [potion of mutation]
 41048 | D:12     | Gained mutation: Scrolls take you a little longer to read. [potion of mutation]
 41048 | D:12     | Gained mutation: You expend magic power (3 MP) to strengthen your wands. [potion of mutation]
 41049 | D:12     | Lost mutation: Scrolls take you a little longer to read. [potion of mutation]
 41049 | D:12     | Lost mutation: You expend magic power (3 MP) to strengthen your wands. [potion of mutation]
 41049 | D:12     | Gained mutation: You passively map a small area around you. [potion of mutation]
 41049 | D:12     | Gained mutation: You are frail. (-10% HP) [potion of mutation]
 41049 | D:12     | Gained mutation: Your muscles are strong. (Str +2) [potion of mutation]
 41049 | D:12     | Gained mutation: You have large cloven feet. [potion of mutation]
 41050 | D:12     | Lost mutation: You have large cloven feet. [potion of mutation]
 41050 | D:12     | Lost mutation: You are frail. (-10% HP) [potion of mutation]
 41050 | D:12     | Lost mutation: Your muscles are strong. (Str +2) [potion of mutation]
 41050 | D:12     | Gained mutation: Scrolls take you a little longer to read. [potion of mutation]
 41050 | D:12     | Gained mutation: Your mind is acute. (Int +2) [potion of mutation]
 41051 | D:12     | Lost mutation: Scrolls take you a little longer to read. [potion of mutation]
 41051 | D:12     | Lost mutation: You passively map a small area around you. [potion of mutation]
 41051 | D:12     | Lost mutation: Your mind is acute. (Int +2) [potion of mutation]
 41051 | D:12     | Gained mutation: You occasionally shout uncontrollably at your foes. [potion of mutation]
 41051 | D:12     | Gained mutation: Armour fits poorly on your strangely shaped body. [potion of mutation]
 41051 | D:12     | Gained mutation: You evolve. [potion of mutation]
 41208 | D:13     | Found a gate to the Vaults.
 41446 | D:13     | Found Poeseips's Magic Scroll Shop.
 41454 | D:13     | Bought a scroll of blinking for 112 gold pieces
 41454 | D:13     | Bought a scroll of teleportation for 45 gold pieces
 41454 | D:13     | Bought a scroll of teleportation for 45 gold pieces
 41454 | D:13     | Bought a scroll of teleportation for 45 gold pieces
 41808 | D:14     | Noticed Kirke
 41814 | D:14     | Killed Kirke
 42254 | D:14     | Noticed Nessos
 42274 | D:14     | Killed Nessos
 42985 | Vaults:1 | Entered Level 1 of the Vaults
 42994 | Vaults:1 | Got a faintly glowing war axe
 42995 | Vaults:1 | Identified the +4 war axe of Exchange {flame, rElec MR++ Int-2} (You found it on level 1 of the Vaults)
 43112 | Vaults:1 | Reached skill level 5 in Dodging
 43662 | Vaults:1 | Gained mutation: You are clumsy. (Dex -2) [evolution]
 44195 | Vaults:1 | Found a portal to a secret trove of treasure.
 44288 | Vaults:1 | Noticed Savaor's ghost (adept DDHu)
 44289 | Vaults:1 | Noticed Savaor's ghost (adept DDHu)
 44289 | Vaults:1 | Noticed Savaor's ghost (adept DDHu)
 44922 | Vaults:1 | Killed Savaor's ghost
 45211 | Vaults:1 | Killed Savaor's ghost
 45364 | Vaults:1 | Killed Savaor's ghost
 45736 | Vaults:1 | Found a runed gate.
 45736 | Vaults:1 | Found a runed gate.
 45737 | Vaults:1 | Found a runed gate.
 45992 | Vaults:1 | Identified a scroll of acquirement
 46503 | Vaults:2 | Reached XP level 20. HP: 178/184 MP: 19/19
 46549 | Vaults:2 | Noticed Jory
 46595 | Vaults:2 | Killed Jory
 47969 | Vaults:3 | Found a staircase to the Crypt.
 47998 | Vaults:3 | Noticed Boris
 48053 | Vaults:3 | Killed Boris
 48618 | Vaults:3 | Noticed Jorgrun
 48687 | Vaults:3 | Killed Jorgrun
 49443 | Vaults:3 | Gained mutation: You can translocate small distances at will. [evolution]
 49898 | Vaults:4 | Cast into level 3 of the Abyss (a deep elf demonologist)
 50063 | Abyss:3  | Noticed an ancient lich
 50073 | Abyss:3  | Paralysed by accursed screaming for 2 turns
 50082 | Abyss:3  | Paralysed by accursed screaming for 2 turns
 50083 | Abyss:3  | HP: 9/189 [raiju (2)]
 50084 | Abyss:3  | HP: 1/189 [thrashing horror (7)]
 50086 | Abyss:3  | Killed from afar by a starcursed mass

Vault maps used:
D:1:      saegor_arrival_simple_b, serial_bayou_pond_a
D:2:      kiku_gazebo_pond_becter, serial_bayou_lagoon_a, dk_vineyard_2
D:3:      minmay_diamond_boxcup, first_ration, serial_park_tiny_1,
          minmay_goblin_outpost, uniq_jessica, uniq_grinder
D:5:      lightli_temple_of_fire, okawaru_metal_pillars_1_2, uniq_blork_the_orc,
          uniq_menkaure
D:6:      cheibrodos_quashed, demons_altar, lemuel_doored_altar,
          minmay_temple_entry_glass
D:7:      dancing_weapons_uskayaw, uniq_prince_ribbit1, uniq_duvessa
D:8:      lemuel_crystal_altar, basic_altar, uniq_erica
D:9:      minmay_lair_entry_grove, blue_anna_alchemist, tgw_fedhas, uniq_maurice
D:11:     minmay_checkerbox
D:12:     david_orc_5, basic_altar
D:13:     erik_vaults_2, basic_altar, serial_shops,
          nicolae_shop_temple_entry_statues_fountains, uniq_frances
D:14:     skrybe_limestone_x, uniq_kirke, uniq_nessos
Temple:   regret_index_temple_generic_petals
Lair:1:   serial_bayou_pond_c
Lair:2:   guppyfry_snake_entry_island, serial_bayou_shore_b,
          lemuel_fruit_fields, serial_bayou_shore_a, uniq_urug
Lair:3:   uniq_rupert
Lair:4:   cheibrodos_lair_overgrown_chateau, nicolae_swamp_entry_splash_gauntlet
Lair:5:   st_stairs_9, minivault_11, beast_lair_carwin_9
Lair:6:   grunt_lair_end_beastmaster, slime_altar_2, gammafunk_ghost_split
Swamp:1:  evilmike_swamp_ruin_house_6
Swamp:2:  evilmike_swamp_ruin_house_3, swamp_pool2
Swamp:3:  evilmike_swamp_ruin_rubble_2
Swamp:4:  swamp_alternative, gammafunk_ghost_grave, swamp_pool3
Snake:1:  serial_shops, shop_statue, spider_trap
Snake:2:  nicolae_snake_nest, st_stairs_8, guppyfry_library_mini
Snake:4:  grunt_snake_rune_serpentine_throne, uniq_vashnia
Orc:1:    serial_shops, shop, nicolae_shop_waterfront, shop, basic_altar
Orc:2:    st_orc_ogre_mass, serial_shops, shop, shop, nicolae_shop_behind_doors,
          nicolae_shop_behind_doors
Elf:1:    eino_elf_arrival_sip, orc_legates, grunt_megastairs_3
Elf:2:    portal_ice_cave_entry_pillars_three, serial_shops, shop_statue, shop,
          nicolae_shop_behind_doors, nicolae_shop_temple_entry_statues_fountains
Vaults:1: gammafunk_vaults_ghost_cemetery, ontoclasm_vaults_ligature,
          hangedman_vaults_capsules, hangedman_vaults_pinch,
          nicolae_vaults_little_squares_6, vaults_room_glass_cross,
          nicolae_vaults_border_crossing, portal_desolation_entry_salt,
          enter_trove_6
Vaults:2: nicolae_vaults_little_squares_1, nicolae_vaults_network_barrier,
          v_misc_33, special_room_vaults, v_rooms_3, v_misc_22,
          nicolae_vaults_theta, nicolae_vaults_ring_of_whatevers,
          nicolae_vaults_network_square, uniq_jory
Vaults:3: ontoclasm_vaults_ring_square, v_pattern_4, hangedman_vaults_unwind,
          ontoclasm_vaults_chip, st_star, ontoclasm_vaults_hangar,
          nicolae_vaults_network_periphery, minmay_crypt_entry_simple_box,
          vaults_dpeg_hooks, vaults_dpeg_encased_lava, nicolae_vaults_theta,
          uniq_boris, uniq_jorgrun
Vaults:4: v_pattern_2, nicolae_vaults_diagonal_hallway_6,
          ontoclasm_vaults_shout, nicolae_vaults_sealed_display, v_misc_12,
          vaults_room_boxed, hangedman_vaults_snaps, vaults_room_door_ring,
          hangedman_vaults_trim, vaults_mumra_chevron,
          grunt_vaults_hallway_long, infiniplex_enter_wizlab_glasses
Abyss:3:  minivault_13

Skill      XL: |  1  2  3  4  5  6  7  8  9 10 11 12 13 14 15 16 17 18 19 20 |
---------------+-------------------------------------------------------------+-----
Shields        | 4 5 6 7 8 10 12 14 16 18 20 22 24 26 27 | 27.0
Armour         | 4 5 6 7 8 10 11 12 13 14 15 17 18 | 18.4
Fighting       | 4 5 6 7 8 9 10 11 12 13 15 17 18 | 18.8
Axes           | 3 4 6 7 9 10 11 12 14 15 16 17 18 19 | 19.5
Dodging        | 1 2 3 4 5 6 |  6.0

Action                   |  1- 3 |  4- 6 |  7- 9 | 10-12 | 13-15 | 16-18 | 19-21 || total
-------------------------+-------+-------+-------+-------+-------+-------+-------++-------
Melee: War axe           |    86 |   109 |   280 |       |       |       |   480 ||   955
       Headbutt          |    14 |    14 |    49 |   183 |   398 |   620 |   551 ||  1829
       Hand axe          |       |       |     6 |   601 |  1142 |  1807 |  1267 ||  4823
       Flail             |       |       |       |     6 |   118 |    24 |       ||   148
       Trident           |       |       |       |     1 |     1 |       |       ||     2
Throw: Stone             |       |    16 |     2 |     4 |    16 |    87 |    44 ||   169
       Tomahawk          |       |       |     5 |     9 |       |       |       ||    14
       Javelin           |       |       |       |       |    10 |       |       ||    10
Evoke: Wand              |       |       |       |       |       |       |     6 ||     6
  Use: Scroll            |     2 |     1 |     3 |     9 |    10 |    13 |     8 ||    46
       Potion            |       |     4 |     4 |     4 |     4 |     8 |    11 ||    35
 Stab: Confused          |       |       |       |       |     1 |       |       ||     1
       Distracted        |       |       |       |       |       |       |     2 ||     2
  Eat: Chunk             |     1 |     5 |     9 |    12 |    23 |    22 |    20 ||    92
       Ration            |       |       |     1 |     3 |     5 |     9 |     3 ||    21
Armor: Scale mail        |    37 |       |       |       |       |       |       ||    37
       Plate armour      |     4 |    85 |   146 |   154 |   556 |   301 |   231 ||  1477
Dodge: Dodged            |    25 |    21 |    42 |    95 |   259 |   208 |   217 ||   867
       Deflected         |       |       |       |    13 |    19 |    52 |    13 ||    97
Block: Shield            |    41 |    64 |   164 |   466 |   411 |       |       ||  1146
       Large shield      |       |       |       |       |  1200 |  2289 |  2014 ||  5503

Table legend:
 A = Spawn XP
 B = Non-spawn XP
 C = Spawn XP percentage of total XP
 D = Spawn monster count
 E = Non-spawn monster count
 F = Spawn count percentage of total count
 G = Total turns spent on level
                    A         B        C        D         E        F      G
               +---------+---------+-------+---------+---------+-------+---------
         Total |   12280 |  566116 |   2.1 |      30 |    1427 |   2.1 | 50086
               +---------+---------+-------+---------+---------+-------+---------
           D:1 |       0 |      18 |   0.0 |       0 |      11 |   0.0 |   392
           D:2 |       0 |      67 |   0.0 |       0 |      22 |   0.0 |   997
           D:3 |       0 |     396 |   0.0 |       0 |      29 |   0.0 |   741
           D:4 |       0 |      95 |   0.0 |       0 |      10 |   0.0 |   769
           D:5 |       0 |     422 |   0.0 |       0 |      12 |   0.0 |   883
           D:6 |       0 |    1381 |   0.0 |       0 |      32 |   0.0 |  1077
           D:7 |       0 |    2088 |   0.0 |       0 |      19 |   0.0 |  1350
           D:8 |       0 |    1334 |   0.0 |       0 |       8 |   0.0 |   643
           D:9 |       0 |    6796 |   0.0 |       0 |      42 |   0.0 |  1555
          D:10 |       0 |    9585 |   0.0 |       0 |      58 |   0.0 |  1543
          D:11 |       0 |    9366 |   0.0 |       0 |      36 |   0.0 |  1194
          D:12 |       0 |   17203 |   0.0 |       0 |      78 |   0.0 |  1554
          D:13 |       0 |   11870 |   0.0 |       0 |      28 |   0.0 |   689
          D:14 |       0 |   15979 |   0.0 |       0 |      37 |   0.0 |  1327
        Lair:1 |       0 |    5289 |   0.0 |       0 |      18 |   0.0 |  1248
        Lair:2 |       0 |   12710 |   0.0 |       0 |      43 |   0.0 |  1636
        Lair:3 |       0 |   13274 |   0.0 |       0 |      23 |   0.0 |  1095
        Lair:4 |       0 |   15356 |   0.0 |       0 |      50 |   0.0 |  2028
        Lair:5 |       0 |   16108 |   0.0 |       0 |      43 |   0.0 |  1311
        Lair:6 |       0 |   16538 |   0.0 |       0 |      48 |   0.0 |  1367
       Swamp:1 |       0 |   12516 |   0.0 |       0 |      23 |   0.0 |  1709
       Swamp:2 |       0 |   19985 |   0.0 |       0 |      53 |   0.0 |  1505
       Swamp:3 |       0 |   18760 |   0.0 |       0 |      34 |   0.0 |  1877
       Swamp:4 |       0 |    9461 |   0.0 |       0 |      22 |   0.0 |   973
       Snake:1 |       0 |   24470 |   0.0 |       0 |      45 |   0.0 |  2436
       Snake:2 |       0 |   21679 |   0.0 |       0 |      45 |   0.0 |  2026
       Snake:3 |       0 |   20253 |   0.0 |       0 |      32 |   0.0 |  1318
       Snake:4 |       0 |   64889 |   0.0 |       0 |      98 |   0.0 |  3171
         Orc:1 |       0 |    3462 |   0.0 |       0 |      42 |   0.0 |   631
         Orc:2 |       0 |   25464 |   0.0 |       0 |      64 |   0.0 |  1382
         Elf:1 |       0 |   28733 |   0.0 |       0 |      53 |   0.0 |  1942
         Elf:2 |       0 |     886 |   0.0 |       0 |       1 |   0.0 |    30
      Vaults:1 |       0 |   39452 |   0.0 |       0 |      69 |   0.0 |  3078
      Vaults:2 |       0 |   50046 |   0.0 |       0 |     103 |   0.0 |  1569
      Vaults:3 |       0 |   61030 |   0.0 |       0 |      79 |   0.0 |  2111
      Vaults:4 |       0 |    1480 |   0.0 |       0 |       3 |   0.0 |    54
       Abyss:3 |   12280 |    7675 |  61.5 |      30 |      14 |  68.2 |   555
               +---------+---------+-------+---------+---------+-------+---------
